 Dungeon Crawl Stone Soup version 0.22-a0-149-g870e420 (webtiles) character file.

162 wazuzu the Insei (level 5, -4/32 (33) HPs)
             Began as an Octopode Transmuter on Feb 7, 2018.
             Killed from afar by Natasha (8 damage)
             ... with a magic dart
             ... on level 3 of the Dungeon.
             The game lasted 00:06:30 (2510 turns).

wazuzu the Insei (Octopode Transmuter)              Turns: 2510, Time: 00:06:30

HP:   -4/32 (33)    AC:  1    Str: 11    XL:     5   Next: 43%
MP:   8/8           EV: 13    Int: 15    God:
Gold: 119           SH:  0    Dex: 12    Spells: 7/8 levels left

rFire    x . .     SeeInvis .     - Unarmed
rCold    + . .     Gourm    .   (no shield)
rNeg     . . .     Faith    .   (helmet restricted)
rPois    .         Spirit   .   (no amulet)
rElec    .         Reflect  .   f - ring of ice
rCorr    .         Harm     .   e - ring of stealth (curse)
MR       .....                  (no ring)
Stlth    +++.......             (no ring)
HPRegen  0.10/turn              (no ring)
MPRegen  0.11/turn              (no ring)
                                (no ring)
                                (no ring)

@: flying
A: almost no armour, stealthy swim, amphibious, 8 rings, constrict 8, camouflage
1, gelatinous body 1
a: no special abilities


You were on level 3 of the Dungeon.
You were not hungry.

You visited 1 branch of the dungeon, and saw 3 of its levels.

You collected 119 gold pieces.

Inventory:

Missiles
 a - 47 arrows
Jewellery
 e - a cursed ring of stealth (right tentacle)
 f - a ring of ice (left tentacle)
Scrolls
 g - a scroll of remove curse
Books
 b - a book of Changes

   Spells                             Type                      Level
   a - Beastly Appendage              Transmutation                1
   b - Sticks to Snakes               Transmutation                2
   c - Spider Form                    Transmutation/Poison         3
   d - Ice Form                       Ice/Transmutation            4
   e - Blade Hands                    Transmutation                5
Comestibles
 c - 5 rations
 d - 6 chunks of flesh


   Skills:
 - Level 1.0 Fighting
 - Level 2.0 Dodging
 - Level 6.0 Unarmed Combat
 - Level 2.0 Spellcasting
 + Level 2.0 Transmutations


You had 7 spell levels left.
You knew the following spells:

 Your Spells              Type           Power        Failure   Level  Hunger
a - Beastly Appendage     Tmut           #.....       10%         1    #......


Dungeon Overview and Level Annotations

Branches:
Dungeon (3/15)

Altars:
Okawaru

Annotations:
D:3 Natasha


Innate Abilities, Weirdness & Mutations

You cannot wear most types of armour.
You are very stealthy in the water. (Stealth+)
You are amphibious.
You can wear up to eight rings at the same time.
You can use your tentacles to constrict eight enemies at once.
Your skin changes colour to match your surroundings (Stealth+).
Your rubbery body absorbs attacks. (AC +1, EV +1)


Message History

You feel very buoyant.
You fly up into the air.
The necrophage hits you.
* * * LOW HITPOINT WARNING * * *
You feel your flesh rotting away!
Natasha moves out of view.
You barely miss the necrophage. You grab the necrophage.
You tentacle-slap the necrophage.
You squeeze the necrophage, but do no damage.
The necrophage is heavily damaged.
You constrict the necrophage, but do no damage.
The necrophage closely misses you.
You barely miss the necrophage.
The necrophage is heavily damaged.
You constrict the necrophage. The necrophage hits you.
* * * LOW HITPOINT WARNING * * *
You tentacle-slap the necrophage but do no damage.
The necrophage is severely damaged.
You constrict the necrophage, but do no damage.
Natasha stares at you and mumbles some strange words.
The magic dart hits you!
You die...

.................
................# .#
................## .. #
..†..............##..5# #
....................#h ..
..........>.h..... ..##.##
.......##......# .......
.......##......####.?.....
.......##.......@n........
#.###...#......####.......
#...#.#.#######...........
###.#.......##..##........
###..>.).......## #......
#....##)####..# .#n...
.....##)# .# #...##
......#.## . .≈ ....#....#


You could see a necrophage and Natasha.

Vanquished Creatures
  Natasha (twice) (D:3)
  3 adders (D:2)
  4 dart slugs
  3 leopard geckos
  2 orcs (D:3)
  5 bats
  7 giant cockroaches
  4 goblins
  8 hobgoblins
  4 jackals (D:2)
  2 quokkas
  A ball python (D:1)
  3 frilled lizards
  13 kobolds
  7 rats
68 creatures vanquished.

Vanquished Creatures (others)
  A quokka (D:3)
1 creature vanquished.

Grand Total: 69 creatures vanquished

Notes
Turn   | Place    | Note
-------+----------+-------------------------------------------
     0 | D:1      | wazuzu the Octopode Transmuter began the quest for the Orb.
     0 | D:1      | Reached XP level 1. HP: 13/13 MP: 3/3
    60 | D:1      | Found an iron altar of Okawaru.
   297 | D:1      | Reached XP level 2. HP: 18/18 MP: 5/5
   529 | D:1      | Reached skill level 4 in Unarmed Combat
   535 | D:1      | Reached XP level 3. HP: 1/23 MP: 6/6
  1560 | D:2      | Reached XP level 4. HP: 24/28 MP: 7/7
  1648 | D:2      | Reached skill level 5 in Unarmed Combat
  2424 | D:3      | Noticed Natasha
  2451 | D:3      | Killed Natasha
  2451 | D:3      | Reached XP level 5. HP: 27/33 MP: 8/8
  2493 | D:3      | Noticed a necrophage
  2494 | D:3      | Noticed Natasha
  2506 | D:3      | Killed Natasha
  2506 | D:3      | Reached skill level 6 in Unarmed Combat
  2506 | D:3      | Noticed Natasha
  2510 | D:3      | Killed from afar by Natasha

Vault maps used:
D:1:      ncdulo_smallfort, okawaru_ov_weapons_minmay
D:3:      elyvilon_altar_4, hangedman_ru_absence, uniq_natasha

Skill      XL: |  1  2  3  4  5 |
---------------+----------------+-----
Unarmed Combat | 4 5 6 |  6.0
Fighting       | |  1.0
Dodging        | |  2.0
Spellcasting   | |  2.0
Transmutations | |  2.0

Action                   |  1- 3 |  4- 6 || total
-------------------------+-------+-------++-------
Melee: Unarmed           |    77 |   104 ||   181
       Constrict         |    23 |    25 ||    48
       Tentacles         |    14 |    11 ||    25
       Punch             |     1 |     4 ||     5
  Use: Scroll            |     5 |     1 ||     6
       Potion            |     1 |     2 ||     3
 Stab: Sleeping          |     3 |     2 ||     5
  Eat: Chunk             |     2 |     3 ||     5
Armor: Skin              |     6 |     5 ||    11
Dodge: Dodged            |    44 |    57 ||   101

Table legend:
 A = Spawn XP
 B = Non-spawn XP
 C = Spawn XP percentage of total XP
 D = Spawn monster count
 E = Non-spawn monster count
 F = Spawn count percentage of total count
 G = Total turns spent on level
                    A         B        C        D         E        F      G
               +---------+---------+-------+---------+---------+-------+---------
         Total |       0 |     232 |   0.0 |       0 |      68 |   0.0 |  2510
               +---------+---------+-------+---------+---------+-------+---------
           D:1 |       0 |      54 |   0.0 |       0 |      27 |   0.0 |  1263
           D:2 |       0 |      85 |   0.0 |       0 |      30 |   0.0 |  1129
           D:3 |       0 |      93 |   0.0 |       0 |      11 |   0.0 |   118
               +---------+---------+-------+---------+---------+-------+---------
